 Dungeon Crawl Stone Soup version 0.22-a0-3-g4fa69d9a97 (webtiles) character file.

3308 Manul the Cleaver (level 9, -3/79 HPs)
             Began as a Grey Draconian Wanderer on Jan 1, 2018.
             Was an Initiate of Gozag.
             Slain by a two-headed ogre
             ... wielding a +0 giant club
              (20 damage)
             ... on level 8 of the Dungeon.
             The game lasted 00:10:21 (7487 turns).

Manul the Cleaver (Grey Draconian Wanderer)         Turns: 7487, Time: 00:10:22

Health: -3/79      AC: 19    Str: 15      XL:     9   Next: 70%
Magic:  9/9        EV: 14    Int: 10 (11) God:    Gozag
Gold:   492        SH:  0    Dex: 15      Spells: 8/8 levels left

rFire    . . .     SeeInvis .   x - +0 war axe
rCold    + . .     Gourm    .   (no shield)
rNeg     . . .     Faith    .   (armour unavailable)
rPois    .         Spirit   .   (helmet restricted)
rElec    +         Reflect  .   g - +1 cloak
rCorr    .         Harm     .   (no gloves)
MR       .....                  j - +0 pair of boots
Stlth    ++........             f - amulet of regeneration
HPRegen  0.63/turn              E - +4 ring of protection
MPRegen  0.11/turn              r - ring of protection from cold

@: heavily drained
A: walk through water, unfitting armour, big wings, blurry vision 1,
deterioration 1, electricity resistance, unbreathing, cold-blooded, AC +12
a: Fly, Potion Petition, Call Merchant, Bribe Branch, Renounce Religion


You were on level 8 of the Dungeon.
You worshipped Gozag.
Gozag was aware of your devotion.
You were not hungry.

You visited 2 branches of the dungeon, and saw 9 of its levels.
You also visited: Ossuary.

You collected 696 gold pieces.
You paid 204 gold pieces to Gozag.

Inventory:

Hand Weapons
 a - a +0 mace
 b - a +1 hand axe
 p - a +0 dagger of venom
 x - a +0 war axe (weapon)
Armour
 g - a +1 cloak (worn)
 i - a scarf of spirit shield
 j - a +0 pair of boots (worn)
Jewellery
 f - an amulet of regeneration (around neck)
 h - an uncursed ring of wizardry
 r - a ring of protection from cold (right hand)
 E - a +4 ring of protection (left hand)
Wands
 z - a wand of iceblast (8)
Scrolls
 e - a scroll of enchant weapon
 n - a scroll of enchant armour {unknown}
 o - a scroll of blinking {unknown}
 q - a scroll of identify
 s - 4 scrolls of remove curse
 w - 3 scrolls of fog {unknown}
 y - a scroll of magic mapping
 A - a scroll of fear {unknown}
 B - a scroll of immolation {unknown}
 C - a scroll of holy word {unknown}
 D - a scroll of random uselessness {unknown}
Potions
 d - 6 potions of curing
 k - a potion of brilliance {unknown}
 l - a potion of magic
 m - a potion of lignification {unknown}
 t - a potion of haste
 u - a potion of agility {unknown}
 v - a potion of degeneration
 F - a potion of invisibility {unknown}
Comestibles
 c - 10 rations


   Skills:
 + Level 7.6(5.6) Fighting
 + Level 10.5(8.4) Axes
 - Level 0.4(4.7) Maces & Flails
 + Level 6.1(4.2) Dodging
 - Level 2.2(0.5) Stealth
   Level 1.0(0.0) Shields
 + Level 1.0(0.0) Evocations


You had 8 spell levels left.
You didn't know any spells.

Dungeon Overview and Level Annotations

Branches:
Dungeon (8/15)             Temple (1/1) D:7
   Lair: D:8-11

Altars:
Ashenzari
Cheibriados
Dithmenos
Elyvilon
Fedhas
Gozag
Hepliaklqana
Kikubaaqudgha
Makhleb
Nemelex Xobeh
Okawaru
Qazlal
Ru
Sif Muna
Vehumet
Wu Jian
Xom
Yredelemnul
The Shining One

Shops:
D:5 *   D:8 (

Annotations:
D:2 Sigmund
D:7 Menkaure


Innate Abilities, Weirdness & Mutations

You can walk through water.
Your dull iron-grey scales are very hard. (AC +12)
You cannot fit into any form of body armour.
You can survive without breathing.
You are cold-blooded and may be slowed by cold attacks.
Your large and strong wings let you fly indefinitely.
Scrolls take you a little longer to read.
Your body sometimes deteriorates upon taking damage.
You are resistant to electric shocks. (rElec)


Message History

You are too injured to fight recklessly!
You are too injured to fight recklessly!
You are too injured to fight recklessly!
You are too injured to fight recklessly!
You are too injured to fight recklessly!
Okay, then.
You slash the two-headed ogre!
The two-headed ogre is severely wounded.
The two-headed ogre misses you. The two-headed ogre closely misses you.
You hit the two-headed ogre but do no damage.
The two-headed ogre is severely wounded.
The two-headed ogre hits you with a giant club!
* * * LOW HITPOINT WARNING * * *
The two-headed ogre barely misses you.
You slash the two-headed ogre!
The two-headed ogre is almost dead.
The two-headed ogre barely misses you.
The two-headed ogre hits you with a giant club!!
You die...
Your body crumbles into a pile of gold.

### ### # #.###.#
#.##########
#(....#
#.#.........
#.###.# #......#
#.# #.# #.#.#.##
#.# #.# #.#.#@#
#.# #.# #.#.#O#
####.# #.# #.#.#.#
.....###.# #.#.#.#
#....#...###.#.#.#
+....+......>..#.#
#....#.#.#.#####.#
.....#.#.#.#####.#
..#..#.#.#........


You could see a two-headed ogre.

Vanquished Creatures
  The ghost of Libelnon the Firebug, a novice GrFE of Vehumet (D:7)
  Prince Ribbit (D:5)
  A hippogriff (D:7)
  Eustachio (D:4)
  Duvessa (D:6)
  2 ice beasts
  3 orc warriors
  A sky beast (D:5)
  An eye of draining (D:4)
  4 ogres
  A bullfrog (D:7)
  3 scorpions
  Dowan (D:6)
  4 wights (D:7)
  A howler monkey (D:4)
  A crimson imp (D:5)
  A bullfrog zombie (D:6)
  2 centaur zombies
  2 hounds (D:4)
  3 jellies
  A centaur skeleton (D:6)
  An orc priest (D:7)
  2 iguanas (D:4)
  4 orc wizards
  4 worker ants
  A killer bee zombie (D:7)
  A hound zombie (D:7)
  8 mummies (Ossuary)
  Robin (D:3)
  6 adders
  A shadow imp (D:6)
  3 oozes
  An adder skeleton (D:4)
  4 worms
  4 dart slugs
  4 leopard geckos
  17 orcs
  3 ball pythons (D:4)
  4 giant cockroaches
  26 goblins
  8 hobgoblins
  3 jackals (D:3)
  6 kobolds
  3 quokkas
  8 bats
  9 frilled lizards
  3 gnoll zombies (Ossuary)
  A jackal skeleton (D:6)
  5 kobold zombies (Ossuary)
  A leopard gecko zombie (D:5)
  3 rats
  A rat zombie (D:5)
182 creatures vanquished.

Notes
Turn   | Place    | Note
-------+----------+-------------------------------------------
     0 | D:1      | Manul the Draconian Wanderer began the quest for the Orb.
     0 | D:1      | Manul set off with: a +0 mace, a +0 hand axe, a ration
     0 | D:1      | Reached XP level 1. HP: 19/19 MP: 1/1
   269 | D:1      | Reached XP level 2. HP: 19/26 MP: 2/2
   760 | D:2      | Reached XP level 3. HP: 31/33 MP: 3/3
  1064 | D:2      | Reached XP level 4. HP: 40/41 MP: 4/4
  1107 | D:2      | Noticed Sigmund
  1693 | D:3      | Reached skill level 4 in Axes
  1745 | D:3      | Reached XP level 5. HP: 47/47 MP: 5/5
  2109 | D:3      | Noticed Robin
  2132 | D:3      | Killed Robin
  2532 | D:4      | Reached skill level 5 in Fighting
  2532 | D:4      | Reached skill level 5 in Axes
  2532 | D:4      | Reached XP level 6. HP: 32/56 MP: 6/6
  3294 | D:4      | Your scales start taking on a dull iron-grey colour.
  3294 | D:4      | Reached XP level 7. HP: 55/61 MP: 7/7
  3294 | D:4      | Gained mutation: You can survive without breathing. [Grey Draconian growth]
  3342 | D:4      | Reached skill level 6 in Axes
  3392 | D:4      | Noticed Eustachio
  3591 | D:4      | Killed Eustachio
  3591 | D:4      | Reached skill level 1 in Stealth
  3918 | D:5      | Entered Level 5 of the Dungeon
  3918 | D:5      | Found a sand-covered staircase.
  3926 | Ossuary  | Entered an ossuary
  4225 | Ossuary  | Reached skill level 7 in Axes
  4233 | Ossuary  | Reached XP level 8. HP: 56/70 MP: 8/8
  4616 | D:5      | Found a white marble altar of Elyvilon.
  4696 | D:5      | Found a shattered altar of Ashenzari.
  4754 | D:5      | Noticed Prince Ribbit
  4786 | D:5      | Killed Prince Ribbit
  4786 | D:5      | Reached skill level 8 in Axes
  4786 | D:5      | Reached skill level 5 in Dodging
  4849 | D:5      | Found a shimmering altar of Xom.
  5150 | D:5      | Found Izxullan's Assorted Antiques.
  5363 | D:5      | Found a shadowy altar of Dithmenos.
  5584 | D:6      | Reached XP level 9. HP: 25/78 MP: 9/9
  5960 | D:6      | Reached skill level 9 in Axes
  5981 | D:6      | Noticed Dowan
  5982 | D:6      | Noticed Duvessa
  5988 | D:6      | Killed Dowan
  6035 | D:6      | Killed Duvessa
  6115 | D:6      | Found a shadowy altar of Dithmenos.
  6115 | D:6      | Found an ancient bone altar of Kikubaaqudgha.
  6314 | D:7      | Found an iron altar of Okawaru.
  6519 | D:7      | Reached skill level 10 in Axes
  6562 | D:7      | Found a staircase to the Ecumenical Temple.
  6641 | Temple   | Entered the Ecumenical Temple
  6689 | Temple   | Became a worshipper of Gozag Ym Sagoz the Greedy
  6878 | D:7      | Noticed Libelnon's ghost (novice GrFE)
  6880 | D:7      | Noticed Menkaure
  6901 | D:6      | Gained mutation: You have large cloven feet. [potion of mutation]
  6901 | D:6      | Gained mutation: Your tail ends in a poisonous barb. [potion of mutation]
  6902 | D:6      | Lost mutation: You have large cloven feet. [potion of mutation]
  6902 | D:6      | Lost mutation: Your tail ends in a poisonous barb. [potion of mutation]
  6902 | D:6      | Gained mutation: You are agile. (Dex +2) [potion of mutation]
  6902 | D:6      | Gained mutation: Your mind is acute. (Int +2) [potion of mutation]
  6903 | D:6      | Lost mutation: You are agile. (Dex +2) [potion of mutation]
  6903 | D:6      | Lost mutation: Your mind is acute. (Int +2) [potion of mutation]
  6903 | D:6      | Gained mutation: Your body sometimes deteriorates upon taking damage. [potion of mutation]
  6903 | D:6      | Gained mutation: Scrolls take you a little longer to read. [potion of mutation]
  6903 | D:6      | Gained mutation: You are resistant to electric shocks. (rElec) [potion of mutation]
  6903 | D:6      | Gained mutation: Your large and strong wings let you fly indefinitely. [potion of mutation]
  7093 | D:7      | Found a deep blue altar of Sif Muna.
  7232 | D:7      | Killed Libelnon's ghost
  7401 | D:8      | Found Foamonk's Weapon Emporium.
  7477 | D:8      | Noticed a two-headed ogre
  7487 | D:8      | Slain by a two-headed ogre

Vault maps used:
D:1:      eino_arrival_water_cross, minmay_crystal_room
D:2:      uniq_sigmund
D:3:      kennysheep_goblin_castle
D:4:      uniq_eustachio, uniq_robin
D:5:      elyvilon_altar_3, tgw_xom, cheibrodos_ashenzari_chains, first_ration,
          serial_shops, shop_fountains, enter_ossuary_3,
          grunt_dithmenos_shadows, uniq_prince_ribbit1
D:6:      gammafunk_temple_overflow_elements, uniq_duvessa
D:7:      okawaru_trees_1, kennysheep_little_box,
          minmay_temple_entry_statues_pillars, serial_glass, glass_columns_a,
          glass_columns_a, due_unseen_surprise, feat_on_display,
          minmay_strange_pillars, uniq_menkaure
D:8:      serial_shops, nicolae_shop_crystal, hangedman_little_slice_of_home,
          chei_slow_surprise, uniq_grum
Temple:   minmay_temple_bridge_abc
Ossuary:  ossuary_tomb_3

Skill      XL: |  1  2  3  4  5  6  7  8  9 |
---------------+----------------------------+-----
Dodging        | 2 3 4 5 6 |  6.1
Fighting       | 4 5 6 7 |  7.6
Axes           | 4 5 7 8 10 | 10.5
Stealth        | 1 2 |  2.2
Maces & Flails | |  0.4
Shields        | |  1.0
Evocations     | |  1.0

Action                   |  1- 3 |  4- 6 |  7- 9 || total
-------------------------+-------+-------+-------++-------
Melee: Mace              |    58 |       |       ||    58
       Tailslap          |    10 |    26 |    79 ||   115
       Hand axe          |    75 |   212 |   357 ||   644
       War axe           |       |       |   192 ||   192
  Use: Scroll            |     3 |     2 |     3 ||     8
       Potion            |       |       |     9 ||     9
 Stab: Sleeping          |       |       |     4 ||     4
  Eat: Chunk             |     1 |     7 |     8 ||    16
       Ration            |       |       |     2 ||     2
Armor: Skin              |    73 |   105 |   192 ||   370
Dodge: Dodged            |    88 |   132 |   383 ||   603

Table legend:
 A = Spawn XP
 B = Non-spawn XP
 C = Spawn XP percentage of total XP
 D = Spawn monster count
 E = Non-spawn monster count
 F = Spawn count percentage of total count
 G = Total turns spent on level
                    A         B        C        D         E        F      G
               +---------+---------+-------+---------+---------+-------+---------
         Total |       0 |    4726 |   0.0 |       0 |     182 |   0.0 |  7487
               +---------+---------+-------+---------+---------+-------+---------
           D:1 |       0 |      43 |   0.0 |       0 |      20 |   0.0 |   764
           D:2 |       0 |     104 |   0.0 |       0 |      24 |   0.0 |   674
           D:3 |       0 |     166 |   0.0 |       0 |      36 |   0.0 |  1102
           D:4 |       0 |    1016 |   0.0 |       0 |      26 |   0.0 |  1378
           D:5 |       0 |    1033 |   0.0 |       0 |      18 |   0.0 |   883
           D:6 |       0 |     798 |   0.0 |       0 |      18 |   0.0 |   897
           D:7 |       0 |    1336 |   0.0 |       0 |      22 |   0.0 |   846
           D:8 |       0 |      75 |   0.0 |       0 |       2 |   0.0 |   176
       Ossuary |       0 |     155 |   0.0 |       0 |      16 |   0.0 |   628
               +---------+---------+-------+---------+---------+-------+---------
